cohdb
Replays
Latest Replays
All Replays
Popular Replays
Top Player Replays
Match Explorer
How It Works
Community
CoH3 Stats
Reddit
Sign in to upload your games and track your stats! →
Sign in with Steam
Match 40271231
Unlisted
Match 40271231
Overview
Messages
Build Orders
End
Engineer Squad
Construct Weapon Support Center
M1919 Machine Gun Team
M1919 Machine Gun Team
Mechanized Support Center
M1919 Machine Gun Team
Selects Heavy Weapons
M3 Armored Personnel Carrier
Selects Assault Carriers
Selects M2HB .50cal Heavy Machine Gun
M3 Assault Carrier
Bazooka Squad
Selects Exchangeable Parts
M3 Assault Carrier
Bazooka Squad
Gear-IV-G
DA☆ZE
aion907(ROK)
Nuclear Viking
Clavis
罗德哈特
0
0
Comments
sign in to comment!
No comments posted yet!